 Dungeon Crawl Stone Soup version 0.26-a0-712-ga5a9c9c9d0 (webtiles) character file.

Game seed: 6333229227761947818

10486 jasper the Cruncher (level 11, -19/89 HPs)
             Began as a Demonspawn Delver on Nov 1, 2020.
             Was a High Priest of Ashenzari.
             Demolished by a freezing wraith (23 damage)
             ... led by a death knight
             ... on level 12 of the Dungeon.
             The game lasted 00:17:52 (12491 turns).

jasper the Cruncher (Demonspawn Delver)            Turns: 12491, Time: 00:17:53

Health: -19/89     AC:  7    Str: 13    XL:     11   Next: 36%
Magic:  0/11       EV: 19    Int: 14    God:    Ashenzari [*****.]
Gold:   651        SH:  0    Dex: 15    Spells: 6/10 levels left

rFire    . . .     SeeInvis +   l - +0 quarterstaff (curse)
rCold    . . .     Faith    .   (shield currently unavailable)
rNeg     + . .     Spirit   +   S - +0 troll leather armour (curse)
rPois    .         Reflect  .   (helmet restricted)
rElec    .         Harm     .   J - +0 cloak (curse)
rCorr    .         Rampage  .   Q - +0 pair of gloves (curse)
MR       .....     Clarity  +   j - +0 pair of boots
Stlth    ++++......             D - amulet of guardian spirit
HPRegen  0.64/turn              v - ring of positive energy
MPRegen  0.12/turn              p - ring of stealth

@: no status effects
A: antennae 2, talons 2, foul stench 1, powered by death 1, rot immunity
a: Curse Item, Scrying, Transfer Knowledge, Renounce Religion


You were on level 12 of the Dungeon.
You worshipped Ashenzari.
Ashenzari was extremely pleased with you.
You visited 2 branches of the dungeon, and saw 13 of its levels.

You collected 651 gold pieces.

Inventory:

Hand Weapons
 a - a +0 hand axe
 l - a cursed +0 quarterstaff (weapon)
Missiles
 i - 211 arrows
 k - 436 stones (quivered)
 R - a throwing net
Armour
 b - a +0 leather armour
 j - a +0 pair of boots (worn)
 m - a +0 helmet
 o - a +0 ring mail
 G - a +0 tower shield
 J - a cursed +0 cloak (worn)
 Q - a cursed +0 pair of gloves (worn)
 S - a cursed +0 troll leather armour (worn)
 T - +0 acid dragon scales
Jewellery
 p - a ring of stealth (right hand)
 v - a ring of positive energy (left hand)
 D - an amulet of guardian spirit (around neck)
Wands
 g - a wand of digging (3)
 s - a wand of random effects (12)
 I - a wand of acid (9)
 K - a wand of polymorph (9)
 N - a wand of enslavement (9)
 O - a wand of disintegration (4)
Scrolls
 c - 4 scrolls of fog
 d - 6 scrolls of magic mapping
 e - 8 scrolls of fear
 f - 3 scrolls of blinking
 h - 4 scrolls of teleportation
 t - 3 scrolls of amnesia
 w - 3 scrolls of enchant weapon
 y - 2 scrolls of immolation
 B - a scroll of vulnerability
 P - a scroll of enchant armour
Potions
 n - a potion of stabbing
 q - a potion of lignification
 r - a potion of flight
 u - a potion of invisibility
 z - a potion of degeneration
 A - 3 potions of curing
 E - a potion of resistance
 F - 2 potions of brilliance
 H - a potion of magic {unknown}
 L - a potion of might {unknown}
 M - a potion of ambrosia {unknown}
Miscellaneous
 x - a condenser vane (inert)


   Skills:
 + Level 9.4 Fighting
 - Level 1.7 Axes
 - Level 9.7(14.6) Staves
 - Level 1.1 Armour
 + Level 8.2(10.9) Dodging
 - Level 4.5(7.1) Stealth
 + Level 3.7 Transmutations
 + Level 3.7 Earth Magic
 + Level 4.1 Evocations


You had 6 spell levels left.
You knew the following spells:

 Your Spells              Type           Power        Failure   Level
a - Petrify               Tmut/Erth      ##......     63%         4

Your spell library contained the following spells:

 Spells                   Type           Power        Failure   Level
 Confusing Touch          Hex            #.......     73%         3
 Gell's Gravitas          Tloc           #.........   73%         3
 Yara's Violent Unravell  Hex/Tmut       #.........   99%         5
 Metabolic Englaciation   Hex/Ice        #.........   100%        5


Dungeon Overview and Level Annotations

Branches:
Dungeon (12/15)            Temple (1/1) D:5            Lair (0/6) D:8
    Orc (0/2) D:9

Altars:
Ashenzari
Cheibriados
Dithmenos
Elyvilon
Fedhas
Hepliaklqana
Kikubaaqudgha
Makhleb
Nemelex Xobeh
Okawaru
Qazlal
Ru
Sif Muna
Trog
Uskayaw
Vehumet
Wu Jian
Xom
Yredelemnul
Zin
The Shining One

Shops:
D:4 :

Portals:
Gauntlet: D:12

Annotations:
D:4 exclusion: hound
D:5 exclusions: phantom and two-headed ogre
D:10 2 transporters, ringo67's ghost, novice KoBr


Innate Abilities, Weirdness & Mutations

You have a pair of antennae on your head.
You have razor-sharp toenails.
You may emit foul miasma when damaged in melee.
You regenerate a little health from kills.
You are immune to rotting.


Message History

The freezing wraith barely misses you.
The freezing wraith hits you but does no damage.
You hit the freezing wraith.
The freezing wraith is lightly damaged.
The freezing wraith closely misses you. The freezing wraith hits you!
You take 7 damage, and have 29/89 hp.
You hit the freezing wraith but do no damage.
The freezing wraith is lightly damaged.
You hit the freezing wraith.
The freezing wraith is moderately damaged.
The freezing wraith hits you!
* * * LOW HITPOINT WARNING * * *
The freezing wraith freezes you!
* * * LOW HITPOINT WARNING * * *
The freezing wraith closely misses you.
You take 22 damage, and have 7/89 hp.
MASSIVE DAMAGE!!
You now have 0/11 mp.
You feel better. The freezing wraith hits you!
* * * LOW HITPOINT WARNING * * *
The freezing wraith freezes you!!
You die...

, ,, , ,, * , , , , , , ,
,, , , , #........*,, , *
* * ,,,#........ * * ,
,,,, , ,,###...§§...,,* ,
* ,,, , #.○○°......* * ,
, , ,#. #.°§.§.....* ,, *
****###. #§§∩§☼..... , ,,
,, ,, ,.....#.W°.......*
, , ,,,, , .....###@####
, , , , ,
..>.§°§○.§..####* , , *
#.###○☼......... ,,, , ,
, #..........., ,, , ,
### , *,,,,
#...........,, , ,, ...
8, , , ∆#.......^...
....,∆*∆,
,.#.....[#####** ...., *,
..#..#####...,, , ,
....#####...#..#.......,,


You could see a freezing wraith.

Vanquished Creatures
  A death knight (D:12)
  3 two-headed ogres
  A phantasmal warrior (D:12)
  A gargoyle (D:12)
  Psyche (D:11)
  2 freezing wraiths (D:12)
  2 komodo dragons
  2 trolls
  2 wyverns
  A soldier ant (D:11)
  2 acid dragons
  6 orc warriors
  A necrophage (D:7)
  2 phantoms
  2 black bears (D:8)
  An eye of draining (D:11)
  2 ice beasts
  4 ogres
  A sky beast (D:8)
  3 centaurs
  11 bullfrogs
  A gnoll sergeant (D:10)
  2 jellies (D:10)
  3 scorpions
  11 killer bees
  4 wights (D:10)
  3 howler monkeys
  3 bullfrog zombies
  A gnoll shaman (D:9)
  5 hounds
  4 orc wizards
  7 orc priests
  Crazy Yiuf (D:7)
  A bullfrog skeleton (D:11)
  A centaur skeleton (D:8)
  An iguana (D:4)
  7 worker ants
  A hound zombie (D:9)
  A hound skeleton (D:9)
  8 adders
  7 gnolls
  A howler monkey skeleton (D:9)
  3 shadow imps
  A white imp (D:7)
  4 ufetubi
  An ooze (D:3)
  An adder zombie (D:9)
  3 adder skeletons
  2 worms
  A dart slug (D:3)
  4 leopard geckos
  18 orcs
  5 bats
  7 giant cockroaches
  5 goblins
  9 hobgoblins
  3 jackals (D:2)
  7 quokkas
  2 frilled lizards (D:2)
  2 jackal skeletons
  5 kobolds
  A leopard gecko skeleton (D:4)
  A quokka zombie (D:8)
  14 rats
223 creatures vanquished.

Vanquished Creatures (others)
  5 fungi
  21 plants
26 creatures vanquished.

Grand Total: 249 creatures vanquished

Notes
Turn   | Place    | Note
-------+----------+-------------------------------------------
     0 | D:5      | jasper the Demonspawn Delver began the quest for the Orb.
     0 | D:5      | Reached XP level 1. HP: 18/18 MP: 1/1
   148 | D:5      | Found a staircase to the Ecumenical Temple.
   157 | Temple   | Entered the Ecumenical Temple
   187 | Temple   | Became a worshipper of Ashenzari the Shackled
   225 | D:5      | Noticed a two-headed ogre
   291 | D:5      | Noticed a phantom
   348 | D:4      | Noticed a hound
   481 | D:2      | Reached skill level 1 in Staves
   481 | D:2      | Gained mutation: You have a pair of small antennae on your
                  | head. [demonic ancestry]
   481 | D:2      | Reached XP level 2. HP: 13/24 MP: 2/2
  1250 | D:2      | Reached skill level 1 in Armour
  1265 | D:2      | Gained mutation: You regenerate a little health from kills.
                  | [demonic ancestry]
  1265 | D:2      | Reached XP level 3. HP: 29/29 MP: 3/3
  1366 | D:2      | Found a sparkling altar of Nemelex Xobeh.
  1667 | D:2      | Reached * piety under Ashenzari
  1691 | D:2      | Gained mutation: You have a pair of antennae on your head.
                  | [demonic ancestry]
  1691 | D:2      | Reached XP level 4. HP: 35/35 MP: 4/4
  2156 | D:2      | Found a glowing golden altar of the Shining One.
  2158 | D:2      | Found a shimmering altar of Xom.
  2158 | D:2      | Found a sparkling altar of Nemelex Xobeh.
  2160 | D:2      | Found a white marble altar of Elyvilon.
  2160 | D:2      | Found a sacrificial altar of Ru.
  2160 | D:2      | Found a shimmering blue altar of Sif Muna.
  2428 | D:3      | Found a white marble altar of Elyvilon.
  3373 | D:4      | Gained mutation: You are immune to rotting. [demonic
                  | ancestry]
  3373 | D:4      | Reached XP level 5. HP: 42/42 MP: 5/5
  3542 | D:4      | Found Worasel's Book Shoppe.
  3844 | D:4      | Noticed an ogre
  3998 | D:5      | Reached ** piety under Ashenzari
  4009 | D:5      | Found a hazy altar of Hepliaklqana.
  4015 | D:5      | Noticed a phantom
  4033 | D:5      | Killed a phantom
  4033 | D:5      | Gained mutation: You have sharp toenails. [demonic
                  | ancestry]
  4033 | D:5      | Reached XP level 6. HP: 48/48 MP: 6/6
  4375 | D:6      | Found a stormy altar of Qazlal.
  4797 | D:6      | Reached *** piety under Ashenzari
  5017 | D:7      | Gained mutation: You may emit foul miasma when damaged in
                  | melee. [demonic ancestry]
  5017 | D:7      | Reached XP level 7. HP: 51/55 MP: 7/7
  5191 | D:7      | Found an iron altar of Okawaru.
  5311 | D:7      | Reached skill level 5 in Fighting
  5311 | D:7      | Reached skill level 5 in Staves
  5500 | D:7      | Found an iron altar of Okawaru.
  5604 | D:7      | Found a blossoming altar of Fedhas.
  5620 | D:7      | Reached XP level 8. HP: 58/63 MP: 8/8
  5781 | D:7      | Found a runed translucent door.
  5782 | D:7      | Noticed Crazy Yiuf
  6236 | D:7      | Killed Crazy Yiuf
  6433 | D:8      | Noticed a komodo dragon
  6453 | D:8      | Killed a komodo dragon
  6453 | D:8      | Reached skill level 5 in Dodging
  6517 | D:8      | Reached **** piety under Ashenzari
  6769 | D:8      | Reached XP level 9. HP: 71/71 MP: 9/9
  6864 | D:8      | Found a staircase to the Lair.
  7164 | D:8      | Noticed a two-headed ogre
  7182 | D:8      | Killed a two-headed ogre
  7491 | D:8      | Learned a level 4 spell: Petrify
  7659 | D:9      | Noticed a troll
  7667 | D:9      | Killed a troll
  7742 | D:9      | Noticed a two-headed ogre
  7770 | D:9      | Killed a two-headed ogre
  7770 | D:9      | Gained mutation: You have razor-sharp toenails. [demonic
                  | ancestry]
  7770 | D:9      | Reached XP level 10. HP: 25/80 MP: 4/10
  8644 | D:9      | Found a staircase to the Orcish Mines.
  9456 | D:10     | Entered Level 10 of the Dungeon
  9932 | D:10     | Found a sparkling altar of Nemelex Xobeh.
  9955 | D:10     | Reached skill level 1 in Transmutations
  9955 | D:10     | Reached skill level 1 in Evocations
  9968 | D:10     | Reached skill level 1 in Earth Magic
 11017 | D:10     | Found a transporter.
 11020 | D:10     | Noticed ringo67's ghost (novice KoBr)
 11021 | D:10     | Found a transporter.
 11021 | D:10     | Noticed an ettin
 11028 | D:10     | Reached ***** piety under Ashenzari
 11623 | D:11     | Noticed a two-headed ogre
 11640 | D:11     | Killed a two-headed ogre
 11735 | D:11     | Noticed Psyche
 11745 | D:11     | Killed Psyche
 11800 | D:11     | Reached XP level 11. HP: 69/89 MP: 3/11
 12465 | D:12     | Found a gate leading to a gauntlet.
 12465 | D:12     | Noticed a death knight
 12465 | D:12     | Noticed a phantasmal warrior
 12476 | D:12     | Killed a phantasmal warrior
 12483 | D:12     | Killed a death knight
 12491 | D:12     | HP: 4/89 [freezing wraith[a death knight] (12)]
 12491 | D:12     | Demolished by a freezing wraith

Illustrated notes

Levels and vault maps discovered:
D:1:      wander_arrival_lonely_grave, layout_basic, minmay_misc_feat_x
D:2:      minmay_general_purpose_star, layout_basic,
          nicolae_overflow_crystal_walls, doesnt_xom_only_xom,
          minmay_curled_crystal
D:3:      layout_basic, old_standard_altar
D:4:      layout_loops_ring, nicolae_gozag_seed_capital, serial_shops,
          nicolae_shop_waterfront, serial_bayou_lake_a
D:5:      layout_loops_cross, old_standard_altar,
          minmay_temple_entry_statues_fountains, cheibrodos_sewer_entry_sluice
D:6:      layout_cave_pools, old_standard_altar
D:7:      layout_cave_pools, fedhas_altar_3, kennysheep_little_box,
          okawaru_ov_weapons_minmay, uniq_crazy_yiuf_cottage
D:8:      layout_basic, grunt_lair_entry_orc_guard_hut,
          minmay_misc_feat_enclosed
D:9:      layout_loops_corners, david_orc_3
D:10:     layout_gridville, gammafunk_ghost_arena, nrook_mini_backslash,
          nemelex_xobeh_ov_fountains_minmay
D:11:     layout_rooms, serial_bayou_crossing, uniq_psyche
D:12:     layout_irregular_city, enter_bailey_6, gauntlet_entry_generic,
          mrwooster_statue_mirror, st_stairs_7, minmay_quadrilaterals
Temple:   eino_temple_lava

Skill      XL: |  1  2  3  4  5  6  7  8  9 10 11 |
---------------+----------------------------------+-----
Staves         | 1 2 3 4 5 7 9 |  9.7
Armour         | 1 |  1.1
Dodging        | 2 3 4 5 6 7 8 |  8.2
Fighting       | 4 5 6 7 9 |  9.4
Transmutations | 2 3 |  3.7
Evocations     | 3 4 |  4.1
Earth Magic    | 2 3 |  3.7
Axes           | |  1.7
Stealth        | |  4.5

Action                   |  1- 3 |  4- 6 |  7- 9 | 10-12 || total
-------------------------+-------+-------+-------+-------++-------
Melee: Quarterstaff      |   101 |   175 |   230 |   504 ||  1010
Throw: Stone             |    25 |    15 |       |     9 ||    49
       Boomerang         |       |    77 |    70 |    80 ||   227
Invok: Curse Item        |     1 |       |       |     3 ||     4
Evoke: Wand              |       |       |    14 |     6 ||    20
       Condenser vane    |       |       |       |     2 ||     2
  Use: Potion            |     4 |       |     2 |     5 ||    11
       Scroll            |       |     1 |       |    14 ||    15
 Stab: Sleeping          |     7 |     2 |     1 |     7 ||    17
       Distracted        |     1 |       |       |       ||     1
       Paralysed         |       |       |    11 |       ||    11
Armor: Leather armour    |    10 |       |       |       ||    10
       Ring mail         |    38 |    72 |    63 |    43 ||   216
       Skin              |       |       |       |    90 ||    90
       Troll leather arm |       |       |       |    15 ||    15
Dodge: Dodged            |    70 |   113 |   115 |   301 ||   599

Table legend: (Time is in decaauts)
 A = Elapsed time spent in this place.
 B = Non-inter-level travel time spent in this place.
 C = Inter-level travel time spent in this place.
 D = Time resting spent in this place.
 E = Time spent auto-exploring this place.
 F = Levels seen in this place.
 G = Mean time per level.
                   A        B        C        D        E       F      G
               +--------+--------+--------+--------+--------+-----+--------+
         Total |  12340 |  11862 |    478 |    878 |   8831 |  13 |  949.2 |
       Dungeon |  12297 |  11826 |    471 |    878 |   8831 |  12 | 1024.8 |
        Temple |     42 |     35 |      7 |      0 |      0 |   1 |   42.0 |
               +--------+--------+--------+--------+--------+-----+--------+

Top non-repeatable levels by time:
    D:10: 2059 daAuts
     D:9: 1682 daAuts
     D:7: 1383 daAuts
     D:8: 1274 daAuts
     D:2: 1222 daAuts
     D:3: 909 daAuts
     D:4: 805 daAuts
     D:5: 775 daAuts
    D:11: 762 daAuts
     D:1: 672 daAuts
     D:6: 657 daAuts
    D:12: 91 daAuts
  Temple: 42 daAuts
